 Dungeon Crawl Stone Soup version 0.24.0-29-g8ce449bc06 (webtiles) character file.

Game seed: 17320112938887491028, levelgen mode: deterministic

60 Delamore the Chopper (level 4, -14/39 HPs)
             Began as a Hill Orc Fighter on Nov 14, 2019.
             Demolished by an ogre
             ... wielding a +0 giant club
              (28 damage)
             ... on level 2 of the Dungeon.
             The game lasted 00:01:18 (1227 turns).

Delamore the Chopper (Hill Orc Fighter)             Turns: 1227, Time: 00:01:18

Health: -14/39     AC:  6    Str: 24    XL:     4   Next: 4%
Magic:  4/4        EV:  7    Int:  8    God:
Gold:   82         SH:  8    Dex: 10    Spells: 3/3 levels left

rFire    . . .     SeeInvis .   a - +0 war axe
rCold    . . .     Gourm    +   c - +0 shield
rNeg     . . .     Faith    .   b - +0 scale mail
rPois    .         Spirit   .   (no helmet)
rElec    .         Reflect  .   (no cloak)
rCorr    .         Harm     .   (no gloves)
MR       .....                  (no boots)
Stlth    ..........             q - amulet of the gourmand
HPRegen  0.13/turn              e - +5 ring of strength
MPRegen  0.09/turn              (no ring)

@: heavily drained
A: no striking features
a: no special abilities


You were on level 2 of the Dungeon.
You were not hungry.

You visited 1 branch of the dungeon, and saw 2 of its levels.

You collected 82 gold pieces.

Inventory:

Hand Weapons
 a - a +0 war axe (weapon)
Missiles
 m - 23 poisoned darts (quivered)
Armour
 b - a +0 scale mail (worn)
 c - a +0 shield (worn)
Jewellery
 e - a +5 ring of strength (left hand)
 p - an uncursed amulet of harm
 q - an amulet of the gourmand (around neck)
Scrolls
 h - 2 scrolls of fear {unknown}
 i - a scroll of teleportation {unknown}
 k - a scroll of identify {unknown}
 l - a scroll of amnesia {unknown}
 o - a scroll of immolation {unknown}
 r - a scroll of remove curse {unknown}
 s - a scroll of magic mapping {unknown}
Potions
 d - a potion of might
 g - a potion of brilliance {unknown}
 j - a potion of curing {unknown}
 n - a potion of lignification {unknown}
Comestibles
 f - 5 rations


   Skills:
 - Level 3.6(1.9) Fighting
 + Level 5.6(3.8) Axes
 - Level 3.2(1.6) Armour
 - Level 3.2(1.6) Shields


You had 3 spell levels left.
You didn't know any spells.
Your spell library was empty.

Dungeon Overview and Level Annotations

Branches:
Dungeon (2/15)

Altars:


Message History

The bat hits you but does no damage. The ogre completely misses you.
There are monsters nearby!
You hit the ogre but do no damage.
The ogre is moderately wounded.
The bat hits you but does no damage. You block the ogre's attack.
The bat hits you but does no damage.
You slash the ogre!
The ogre is heavily wounded.
You barely miss the bat. The bat barely misses you.
You block the ogre's attack.
Your shield and scale mail prevent you from hitting the ogre.
The ogre is heavily wounded.
You hit the bat. The bat hits you but does no damage.
The ogre hits you but does no damage.
You barely miss the ogre.
The ogre is heavily wounded.
The bat closely misses you.
The ogre hits you with a +0 giant club!!
Ouch! That really hurt!
You die...

#.###.######
#.......###...........
......................
##......###..#..######
+...!.... #..#..#
#......#.#.....#
#....... #.#...#
..##.....####.#...#
....w.b@.'..).#...#
.##....O.######...#
#...(..# ##..#
#...#### #.># #...
#.## #### #.# #.# #.#
#.#


You could see an ogre, a worm and a bat.

Vanquished Creatures
  3 adders (D:2)
  A worm (D:2)
  2 dart slugs (D:2)
  A leopard gecko (D:2)
  2 bats
  A giant cockroach (D:1)
  3 goblins (D:1)
  2 hobgoblins
  3 jackals (D:1)
  A ball python (D:1)
  A frilled lizard (D:1)
  2 kobolds (D:1)
  3 rats
25 creatures vanquished.

Notes
Turn   | Place    | Note
-------+----------+-------------------------------------------
     0 | D:1      | Delamore the Hill Orc Fighter began the quest for the Orb.
     0 | D:1      | Reached XP level 1. HP: 19/19 MP: 1/1
    19 | D:1      | Reached skill level 3 in Axes
   139 | D:1      | Reached XP level 2. HP: 22/26 MP: 2/2
   334 | D:1      | Reached skill level 4 in Axes
   840 | D:2      | Reached XP level 3. HP: 31/31 MP: 3/3
   907 | D:2      | Reached skill level 5 in Axes
  1132 | D:2      | Reached XP level 4. HP: 30/39 MP: 4/4
  1217 | D:2      | Noticed an ogre
  1227 | D:2      | Demolished by an ogre

Levels and vault maps discovered:
D:1:      minmay_arrival_semitransparent, layout_loops_corners,
          supply_closet_lemuel
D:2:      layout_basic

Skill      XL: |  1  2  3 |
---------------+----------+-----
Axes           | 3 4 5 |  5.6
Fighting       | |  3.6
Armour         | |  3.2
Shields        | |  3.2

Action                   |  1- 3 |  4- 6 || total
-------------------------+-------+-------++-------
Melee: War axe           |    77 |    21 ||    98
  Eat: Chunk             |     1 |       ||     1
Armor: Scale mail        |    24 |     9 ||    33
Dodge: Dodged            |    23 |    13 ||    36
Block: Shield            |    44 |    11 ||    55
